 Dungeon Crawl Stone Soup version 0.25-a0-861-g340c9e8194 (webtiles) character file.

Game seed: 5609379043338801454, levelgen mode: deterministic

84 Lugonue the Shooter (level 4, -1/36 HPs)
             Began as a Centaur Hunter on Apr 29, 2020.
             Killed by nerve-wracking pain
             ... invoked by an orc priest
              (13 damage)
             ... on level 2 of the Dungeon.
             The game lasted 00:03:07 (1736 turns).

Lugonue the Shooter (Centaur Hunter)                Turns: 1736, Time: 00:03:07

Health: -1/36      AC:  5    Str: 15    XL:     4   Next: 24%
Magic:  4/4        EV:  8    Int: 10    God:
Gold:   70         SH:  4    Dex: 10    Spells: 3/3 levels left

rFire    + . .     SeeInvis .   b - +0 short sword
rCold    + . .     Gourm    .   (no shield)
rNeg     . . .     Faith    .   k - +0 ring mail
rPois    +         Spirit   .   (no helmet)
rElec    +         Reflect  +   (no cloak)
rCorr    +         Harm     .   (no gloves)
MR       .....                  (no barding)
Stlth    ..........             g - +4 amulet of reflection
HPRegen  0.12/turn              (no ring)
MPRegen  0.09/turn              (no ring)

@: resistant, very quick
A: large, hooves 3, deformed body, speed 2, tough skin 3
a: no special abilities


You were on level 2 of the Dungeon.
You were not hungry.

You visited 1 branch of the dungeon, and saw 2 of its levels.

You collected 70 gold pieces.

Inventory:

Hand Weapons
 a - a +1 shortbow
 b - a +0 short sword (weapon)
Missiles
 d - 10 arrows
Armour
 k - a +0 ring mail (worn)
Jewellery
 g - a +4 amulet of reflection (around neck)
 l - a cursed amulet of inaccuracy {unknown}
Scrolls
 c - a scroll of remove curse {unknown}
 e - a scroll of immolation {unknown}
 i - 3 scrolls of identify {unknown}
 j - 2 scrolls of amnesia {unknown}
 m - a scroll of blinking {unknown}
Comestibles
 f - 4 rations
 n - a chunk of flesh


   Skills:
 - Level 2.1 Fighting
 + Level 7.5 Bows
 - Level 1.4 Dodging
 - Level 0.4 Stealth


You had 3 spell levels left.
You didn't know any spells.
Your spell library was empty.

Dungeon Overview and Level Annotations

Branches:
Dungeon (2/15)

Altars:
Hepliaklqana

Annotations:
D:2 Robin


Innate Abilities, Weirdness & Mutations

You have hooves in place of feet.
Armour fits poorly on your strangely shaped body.
You cover ground very quickly.
You have extremely tough skin. (AC +3)


Message History

You block the adder's attack.
The phantom blinks!
The adder barely misses you.
You closely miss the adder. Your kick misses the adder.
The adder barely misses you. The adder bites you. The adder bites you.
A rat comes into view.
The orc priest closely misses you. The orc priest hits you.
Found a dagger.
You hit the orc priest but do no damage.
The orc priest hits you.
You hit the orc priest but do no damage.
The phantom blinks!
The orc priest barely misses you.
You barely miss the orc priest.
The phantom blinks!
The orc priest hits you.
You closely miss the orc priest.
The orc priest invokes the aid of Beogh against you.
Beogh smites you! The phantom barely misses you.
The orc priest invokes the aid of Beogh against you.
Pain shoots through your body!
You die...

#.........#................
#.........#..(.............
#.........#..............†.
#.........##........W......
#.........##...............
#.........##...............
#.......So##.....#.........
######...#.W.............##
#...#@................
.....#.................
#.....#.................
................ ........
................ .....
.........)...... .....
.......... ##...
........... #... ...


You could see a phantom and an orc priest.

Vanquished Creatures
  2 oozes (D:1)
  An adder skeleton (D:2)
  3 dart slugs (D:1)
  3 leopard geckos
  2 orcs (D:1)
  A ball python (D:1)
  4 bats
  3 giant cockroaches
  11 goblins
  9 hobgoblins
  10 kobolds
  4 frilled lizards (D:1)
  3 rats (D:1)
56 creatures vanquished.

Notes
Turn   | Place    | Note
-------+----------+-------------------------------------------
     0 | D:1      | Lugonue the Centaur Hunter began the quest for the Orb.
     0 | D:1      | Reached XP level 1. HP: 17/17 MP: 1/1
    17 | D:1      | Reached XP level 2. HP: 24/24 MP: 2/2
    18 | D:1      | Reached skill level 6 in Bows
   140 | D:1      | Reached XP level 3. HP: 18/29 MP: 3/3
   496 | D:1      | Reached skill level 7 in Bows
   990 | D:2      | Noticed a phantom
  1322 | D:2      | Reached XP level 4. HP: 33/36 MP: 4/4
  1360 | D:2      | Noticed Robin
  1637 | D:2      | Found a hazy altar of Hepliaklqana.
  1736 | D:2      | Killed from afar by an orc priest

Levels and vault maps discovered:
D:1:      scummos_arrival_hexagon, layout_basic, minmay_three_crescents
D:2:      layout_basic, led_sif_pool, nicolae_overflow_hidden_temple,
          first_ration, dk_yredelemnul_ordeal, uniq_robin

Skill      XL: |  1  2  3 |
---------------+----------+-----
Bows           | 6 7 |  7.5
Fighting       | |  2.1
Dodging        | |  1.4
Stealth        | |  0.4

Action                   |  1- 3 |  4- 6 || total
-------------------------+-------+-------++-------
Melee: Short sword       |    50 |    54 ||   104
       Kick              |     7 |    10 ||    17
 Fire: Shortbow          |   102 |       ||   102
  Use: Potion            |       |     2 ||     2
  Eat: Chunk             |       |     2 ||     2
Armor: Leather armour    |    12 |       ||    12
       Ring mail         |    16 |    30 ||    46
Dodge: Dodged            |    34 |    28 ||    62
Block: Other             |     6 |    14 ||    20
       Reflection        |       |     1 ||     1

Table legend:
 A = Non-vault XP
 B = Vault XP
 C = Vault XP percentage of total XP
 D = Non-vault monster count
 E = Vault monster count
 F = Vault count percentage of total count
                 A         B        C        D         E       F
            +---------+---------+-------+---------+---------+-------
      Total |      90 |      31 |  25.6 |      41 |      15 |  26.8
            +---------+---------+-------+---------+---------+-------
        D:1 |      68 |      18 |  20.9 |      32 |       7 |  17.9
        D:2 |      22 |      13 |  37.1 |       9 |       8 |  47.1
            +---------+---------+-------+---------+---------+-------
